 Dungeon Crawl Stone Soup version 0.28.0-53-g5a82cb258f (webtiles) character file.

Game seed: 15687179186176566256

34371 Zeld the Geomancer (level 13, -3/78 HPs)
             Began as a Gargoyle Earth Elementalist on June 13, 2022.
             Was an Initiate of Gozag.
             Slain by an elephant (6 damage)
             ... on level 6 of the Lair of Beasts.
             The game lasted 00:50:01 (28519 turns).

Zeld the Geomancer (Gargoyle Earth Elementalist)   Turns: 28519, Time: 00:50:02

Health: -3/78      AC: 20    Str: 14    XL:     13   Next: 77%
Magic:  37/37      EV: 11    Int: 19    God:    Gozag
Gold:   911        SH:  0    Dex: 10    Spells: 25/35 levels left

rFire   + . .      SeeInvis +   a - +2 whip (freeze)
rCold   + . .      Faith    .   (no shield)
rNeg    + . .      Spirit   .   H - +2 acid dragon scales
rPois   ∞          Reflect  .   n - +0 helmet
rElec   +          Harm     .   e - scarf {rC+ rF+}
rCorr   +          Rampage  .   x - +1 pair of gloves of Hubris {+Inv}
Will    .....                   (no boots)
Stlth   +.........              (no amulet)
HPRegen 0.23/turn               b - ring of see invisible
MPRegen 0.25/turn               C - ring of magical power

@: studying Armour
A: sickness immunity, AC +9, negative energy resistance 1, electricity
resistance, torment resistance 1, petrification resistance
a: Renounce Religion, Evoke Invisibility, Potion Petition, Call Merchant, Bribe
Branch


You were on level 6 of the Lair of Beasts.
You worshipped Gozag.
Gozag was pleased with you.
You visited 3 branches of the dungeon, and saw 18 of its levels.

You collected 3180 gold pieces.
You spent 931 gold pieces at shops.
You paid 1338 gold pieces to Gozag.

Inventory:

Hand Weapons
 a - a +2 whip of freezing (weapon)
Missiles
 o - 341 stones
Armour
 e - a scarf of resistance (worn)
 n - a +0 helmet (worn)
 x - the +1 pair of gloves of Hubris (worn) {+Inv}
   (You found it on level 7 of the Dungeon)

   +Inv:      It lets you turn invisible.
 H - +2 acid dragon scales (worn)
Jewellery
 b - a ring of see invisible (left hand)
 h - a ring of protection from fire
 C - a ring of magical power (right hand)
Wands
 i - a wand of flame (47)
 q - a wand of digging (18)
 u - a wand of mindburst (3)
 y - a wand of iceblast (14)
 B - a wand of charming (4)
 I - a wand of polymorph (6)
 K - a wand of paralysis (7)
 L - a wand of acid (5)
Scrolls
 c - a scroll of enchant weapon
 d - 3 scrolls of holy word
 f - 8 scrolls of teleportation
 l - a scroll of silence
 p - a scroll of immolation {unknown}
 r - 3 scrolls of amnesia
 w - 2 scrolls of fog
 A - a scroll of brand weapon {unknown}
 F - 3 scrolls of enchant armour
 M - a scroll of identify
Potions
 g - 5 potions of invisibility
 j - 6 potions of curing
 k - 7 potions of heal wounds
 m - 2 potions of flight
 s - a potion of magic
 t - a potion of berserk rage
 v - 5 potions of brilliance {unknown}
 z - a potion of resistance {unknown}
 D - 2 potions of cancellation {unknown}
 E - 2 potions of haste {unknown}
 J - a potion of ambrosia {unknown}


   Skills:
 + Level 8.3 Fighting
 * Level 10.8 Maces & Flails
 - Level 1.5 Dodging
 - Level 2.1 Stealth
 * Level 11.9 Spellcasting
 + Level 9.7 Conjurations
 - Level 2.0 Transmutations
 * Level 13.0 Earth Magic
 + Level 4.0 Evocations


You had 25 spell levels left.
You knew the following spells:

 Your Spells              Type           Power      Damage    Failure   Level
a - Sandblast             Erth           100%       2d20      1%          1
b - Passwall              Tmut/Erth      32%        N/A       1%          2
c - Stone Arrow           Conj/Erth      100%       3d13      1%          3
d - Petrify               Tmut/Erth      39%        N/A       4%          4

Your spell library contained the following spells:

 Spells                   Type           Power      Damage    Failure   Level
 Magic Dart               Conj           100%       1d8       1%          1
 Searing Ray              Conj           96%        2d7       1%          2
 Static Discharge         Conj/Air       29%        N/A       1%          2
 Conjure Flame            Conj/Fire      29%        6-21      3%          3
 Animate Armour           Summ/Erth      72%        N/A       6%          4
 Fulminant Prism          Conj/Hex       14%        3d9       12%         4
 Sticky Flame             Conj/Fire      29%        2d5       12%         4
 Blink                    Tloc           22%        N/A       14%         2
 Call Imp                 Summ           11%        N/A       14%         2
 Corpse Rot               Necr/Air       22%        N/A       14%         2
 Poisonous Vapours        Pois/Air       22%        N/A       14%         2
 Ignite Poison            Fire/Tmut/Pois 13%        N/A       21%         3
 Lesser Beckoning         Tloc           11%        N/A       26%         3
 Tukima's Dance           Hex            11%        N/A       26%         3
 Anguish                  Hex/Necr       5%         N/A       65%         4
 Conjure Ball Lightning   Conj/Air       14%        3x3d6     88%         6
 Manifold Assault         Tloc           11%        N/A       94%         5
 Lehudib's Crystal Spear  Conj/Erth      26%        10d7      99%         8
 Enfeeble                 Hex            5%         N/A       100%        7
 Storm Form               Tmut/Air       7%         N/A       100%        7
 Borgnjor's Revivificati  Necr           5%         N/A       100%        8
 Maxwell's Capacitive Co  Air            5%         ∞         100%        8
 Necromutation            Tmut/Necr      7%         N/A       100%        8
 Death's Door             Necr           5%         N/A       100%        9


Dungeon Overview and Level Annotations

Branches:
Dungeon (12/15)            Temple (1/1) D:6            Lair (4/6) D:10
  Snake (0/4) Lair:4          Orc (0/2) D:10
  Swamp: Lair:2-4    Shoals: Lair:2-4

Altars:
Ashenzari
Cheibriados
Dithmenos
Elyvilon
Fedhas
Gozag
Hepliaklqana
Kikubaaqudgha
Makhleb
Nemelex Xobeh
Okawaru
Qazlal
Ru
Sif Muna
Trog
Uskayaw
Vehumet
Wu Jian
Xom
Yredelemnul
Zin
The Shining One

Shops:
D:3 *   D:8 ?   D:11 *   Lair:1 *

Annotations:
D:12 exclusion: death knight


Innate Abilities, Weirdness & Mutations

You are immune to sickness and miasma.
Your stone body is resilient. (AC +9)
You are immune to poison.
You resist negative energy. (rN+)
You are resistant to electric shocks. (rElec)
You are resistant to unholy torment.
You are immune to petrification.


Message History

The elephant trumpets!
You hear a trumpeting!
An elephant comes into view.
The blink frog blinks!
A blink frog comes into view.
The smoke demon gestures at you. Something smites you!
You are covered in liquid flames!
You are no longer on fire.
The blink frog croaks.
You hear a shout!
You hear an angry hiss.
The blink frog barely misses you.
The elephant tramples you but does no damage.
The elephant trunk-slaps you but does no damage.
The smoke demon gestures at you. Something smites you!
* * * LOW HITPOINT WARNING * * *
The blink frog blinks!
The elephant completely misses you. The elephant barely misses you.
Unknown command.
Unknown command.
The elephant closely misses you.
The elephant trunk-slaps you but does no damage.
The elephant tramples you.
* * * LOW HITPOINT WARNING * * *
You stumble backwards!
Unknown command.
Unknown command.
The elephant tramples you.
* * * LOW HITPOINT WARNING * * *
You hold your ground!
The elephant barely misses you. The elephant tramples you.
* * * LOW HITPOINT WARNING * * *
You hold your ground!
The elephant trunk-slaps you but does no damage.
Unknown command.
An elephant comes into view.
The elephant trumpets!
You hear an angry hiss.
An elephant comes into view.
The elephant tramples you.
You die...
Your body crumbles into a pile of gold.

♣3.....♣
♣§.♣3l5♣♣
♣.. ♣♣.x♣
♣.3 ♣iF♣
♣♣ ♣3x♣♣
♣..x♣
♣♣YY♣
♣Y.♣ ♣.@♣
♣#.♣ ..#
Y..#
Y.#.#
######


You could see 5 elephants, an ancient zyme, a komodo dragon, a smoke demon, a
blink frog, a ynoxinul, 2 small abominations, a spriggan and an ufetubus
(summoned).

Vanquished Creatures
  Harold (D:11)
  The ghost of PyroL the Destroyer, a journeyman DrCj of Makhleb (Lair:1)
  2 hydras
  An ogre mage (D:9)
  The ghost of trickyswaf the Spear-Bearer, a novice MiFi of Ashenzari (D:9)
  7 two-headed ogres
  Erica (D:11)
  The ghost of trickyswaf the Cleaver, a novice MiFi of Nemelex Xobeh (D:8)
  Nergalle (Lair:1)
  Pikel (D:7)
  A manticore (D:12)
  A torpor snail (Lair:4)
  Joseph (D:10)
  2 gargoyles
  A black mamba (Lair:3)
  Maggie (D:10)
  5 cane toads
  2 rime drakes (Lair:3)
  4 komodo dragons
  A troll (D:10)
  2 tyrant leeches (Lair:4)
  A hornet (D:8)
  Prince Ribbit (D:8)
  3 dream sheep (Lair:3)
  A vampire (D:10)
  6 wraiths
  A shadow (D:9)
  30 yaks
  2 wyverns
  6 humans
  Grum (D:8)
  A steam dragon (D:7)
  A warg (D:8)
  3 vampire mosquitoes
  2 acid dragons
  7 water moccasins
  5 orc warriors
  3 black bears
  4 sky beasts
  9 ogres
  A necrophage (D:7)
  5 centaurs
  23 wolves
  2 phantoms
  4 bullfrogs
  13 kobold brigands (D:8)
  A gnoll sergeant (D:8)
  2 scorpions (D:4)
  2 water moccasin skeletons (D:5)
  12 killer bees
  A wight (D:9)
  A bullfrog zombie (D:5)
  9 howler monkeys
  4 centaur zombies
  12 hounds
  3 jellies
  5 gnoll shamans
  11 orc priests
  2 bullfrog skeletons (D:5)
  Terence (D:3)
  An iguana (D:5)
  19 orc wizards
  A killer bee zombie (D:5)
  3 hound skeletons
  A howler monkey zombie (D:10)
  Robin (D:3)
  19 gnolls
  6 adders
  A white imp (D:8)
  An ufetubus (D:5)
  A worm (D:4)
  2 dart slugs (D:2)
  39 orcs
  9 ball pythons
  7 endoplasms
  2 giant cockroaches
  11 goblins
  9 hobgoblins
  5 jackals
  5 quokkas
  4 bats
  3 frilled lizards
  13 kobolds
  5 rats
407 creatures vanquished.

Vanquished Creatures (others)
  12 fungi
  17 plants
29 creatures vanquished.

Grand Total: 436 creatures vanquished

Notes
Turn   | Place    | Note
-------+----------+-------------------------------------------
     0 | D:1      | Zeld the Gargoyle Earth Elementalist began the quest for
                  | the Orb.
     0 | D:1      | Reached XP level 1. HP: 10/10 MP: 3/3
   208 | D:1      | Reached skill level 1 in Transmutations
   208 | D:1      | Reached XP level 2. HP: 13/15 MP: 0/5
   275 | D:1      | Found a faded altar of an unknown god.
   299 | D:1      | Reached skill level 4 in Earth Magic
   846 | D:2      | Learned a level 2 spell: Passwall
   865 | D:2      | Found a sparkling altar of Nemelex Xobeh.
   896 | D:2      | Reached XP level 3. HP: 19/19 MP: 4/6
   905 | D:2      | Learned a level 3 spell: Stone Arrow
  2237 | D:3      | Found Fotwuo's General Store.
  2720 | D:3      | Reached XP level 4. HP: 24/24 MP: 4/8
  3327 | D:3      | Reached skill level 1 in Conjurations
  3531 | D:3      | Bought a potion of curing for 30 gold pieces
  3531 | D:3      | Bought a scroll of identify for 20 gold pieces
  3531 | D:3      | Bought a potion of heal wounds for 50 gold pieces
  3701 | D:3      | Reached XP level 5. HP: 20/28 MP: 3/9
  3735 | D:3      | Learned a level 4 spell: Petrify
  4075 | D:3      | Reached skill level 5 in Earth Magic
  4252 | D:3      | Noticed Robin
  4263 | D:3      | Killed Robin
  4562 | D:3      | Found a stormy altar of Qazlal.
  4742 | D:3      | Noticed Terence
  4753 | D:3      | Killed Terence
  5068 | D:4      | Noticed a phantom
  5095 | D:4      | Killed a phantom
  5096 | D:4      | Reached XP level 6. HP: 17/32 MP: 1/11
  5404 | D:4      | Reached skill level 6 in Earth Magic
  5548 | D:4      | Reached XP level 7. HP: 36/36 MP: 9/13
  5890 | D:5      | Entered Level 5 of the Dungeon
  6001 | D:5      | Reached skill level 7 in Earth Magic
  6004 | D:5      | Reached skill level 5 in Spellcasting
  6119 | D:5      | Reached XP level 8. HP: 41/41 MP: 0/16
  6501 | D:5      | Reached skill level 8 in Earth Magic
  7732 | D:6      | Reached skill level 9 in Earth Magic
  7850 | D:6      | Found a burning altar of Makhleb.
  7898 | D:6      | Reached XP level 9. HP: 45/45 MP: 14/18
  8044 | D:6      | Found a staircase to the Ecumenical Temple.
  8050 | D:6      | Reached skill level 5 in Conjurations
  8058 | Temple   | Entered the Ecumenical Temple
  8118 | Temple   | Became a worshipper of Gozag Ym Sagoz the Greedy
  8279 | D:3      | Bought a potion of mutation for 80 gold pieces
  9136 | D:7      | Noticed Pikel
  9232 | D:7      | Identified the +1 pair of gloves of Hubris {+Inv}
  9245 | D:7      | Killed Pikel
  9246 | D:7      | Reached skill level 10 in Earth Magic
  9753 | D:7      | Reached XP level 10. HP: 23/50 MP: 9/22
 10227 | D:7      | Identified the +1 leather armour of Lifeq {MP-9 Str+4
                  | Dex+4}
 10357 | D:8      | Noticed Prince Ribbit
 10363 | D:8      | Killed Prince Ribbit
 10897 | D:8      | Identified the +3 leather armour "Agugh" {rPois}
 11112 | D:8      | Found a runed translucent gate.
 11112 | D:8      | Found a runed translucent gate.
 11112 | D:8      | Found a runed translucent gate.
 11112 | D:8      | Noticed trickyswaf's ghost (novice MiFi)
 11398 | D:8      | Reached skill level 1 in Maces & Flails
 11402 | D:8      | Reached skill level 1 in Fighting
 11920 | D:8      | Noticed Grum
 11936 | D:8      | Reached skill level 10 in Spellcasting
 12289 | D:9      | Noticed an ogre mage
 12291 | D:9      | Found a transporter.
 12308 | D:9      | Noticed trickyswaf's ghost (novice MiFi)
 12427 | D:9      | Found a transporter.
 12709 | D:9      | Reached XP level 11. HP: 60/60 MP: 25/25
 12776 | D:8      | Reached skill level 5 in Maces & Flails
 13074 | D:8      | Killed Grum
 13504 | D:8      | Bought a scroll of identify for 30 gold pieces
 13504 | D:8      | Bought a scroll of enchant armour for 112 gold pieces
 13504 | D:8      | Bought a scroll of blinking for 112 gold pieces
 13504 | D:8      | Bought a scroll of teleportation for 45 gold pieces
 13504 | D:8      | Noticed a two-headed ogre
 13985 | D:10     | Entered Level 10 of the Dungeon
 13998 | D:10     | Noticed a two-headed ogre
 14010 | D:10     | Killed a two-headed ogre
 14108 | D:10     | Noticed Joseph
 14135 | D:10     | Killed Joseph
 14136 | D:10     | Reached skill level 5 in Fighting
 14290 | D:10     | Found a staircase to the Lair.
 14300 | D:10     | Noticed a two-headed ogre
 14322 | D:10     | Killed a two-headed ogre
 14771 | D:10     | Noticed a two-headed ogre
 14785 | D:10     | Found a staircase to the Orcish Mines.
 14802 | D:10     | Killed a two-headed ogre
 15061 | D:10     | Noticed Maggie
 15067 | D:10     | Killed Maggie
 15394 | D:10     | Noticed a two-headed ogre
 15407 | D:10     | Killed a two-headed ogre
 15830 | D:11     | Noticed Erica
 15910 | D:11     | Noticed Harold
 16085 | D:8      | Killed a two-headed ogre
 16086 | D:8      | Reached XP level 12. HP: 71/71 MP: 25/26
 16332 | D:8      | Bought a scroll of silence for 112 gold pieces
 17612 | D:9      | Found a transporter.
 17625 | D:9      | Killed trickyswaf's ghost
 17796 | D:9      | Found a transporter.
 18424 | D:9      | Paralysed by an ogre mage for 7 turns
 18439 | D:9      | Reached skill level 1 in Evocations
 18802 | D:11     | Noticed a two-headed ogre
 18809 | D:11     | Killed a two-headed ogre
 19032 | D:11     | Reached skill level 11 in Earth Magic
 19070 | D:11     | Killed Erica
 20187 | D:8      | Killed trickyswaf's ghost
 20676 | D:9      | Killed an ogre mage
 20788 | D:11     | Killed Harold
 21149 | D:11     | Found Luequuw's General Store.
 21159 | D:11     | Bought a scroll of teleportation for 36 gold pieces
 21159 | D:11     | Bought a scroll of identify for 24 gold pieces
 21663 | D:12     | Noticed a death knight
 21686 | D:12     | Noticed a centaur warrior
 22217 | D:12     | Noticed a two-headed ogre
 22224 | D:12     | Killed a two-headed ogre
 22377 | Lair:1   | Entered Level 1 of the Lair of Beasts
 22614 | Lair:1   | Reached XP level 13. HP: 76/76 MP: 27/28
 22628 | Lair:1   | Reached skill level 12 in Earth Magic
 22641 | Lair:1   | Reached skill level 10 in Maces & Flails
 22996 | Lair:1   | Bought a potion of magic for 112 gold pieces
 22996 | Lair:1   | Bought a wand of mindburst (3) for 98 gold pieces
 22996 | Lair:1   | Bought a scroll of teleportation for 42 gold pieces
 22996 | Lair:1   | Bought a scroll of identify for 28 gold pieces
 23113 | Lair:1   | Got Sif Muna's Guide on the Entourage and Air
 23386 | Lair:1   | Found a runed translucent door.
 23387 | Lair:1   | Noticed PyroL's ghost (journeyman DrCj)
 23393 | Lair:1   | Noticed Nergalle
 23406 | Lair:1   | Killed Nergalle
 23578 | Lair:1   | Killed PyroL's ghost
 25678 | Lair:3   | Identified the +1 robe of the Valley of Death {rC++}
 26534 | Lair:3   | Found an ancient bone altar of Kikubaaqudgha.
 27733 | Lair:4   | Found a staircase to the Snake Pit.
 27739 | Lair:4   | Found a glowing golden altar of the Shining One.
 28411 | Lair:4   | Reached skill level 13 in Earth Magic
 28507 | Lair:4   | You fall into a shaft and drop 2 floors!
 28507 | Lair:6   | Entered Level 6 of the Lair of Beasts
 28518 | Lair:6   | HP: 3/78 [elephant (2)]
 28519 | Lair:6   | Slain by an elephant

Illustrated notes

Levels and vault maps discovered:
D:1:      dpeg_arrival_rooms_b, layout_rooms,
          hellmonk_ecumenical_altar_slurped_away, minmay_misc_feat_plants,
          serial_bayou_pond_d
D:2:      layout_basic, basic_altar, grunt_ministairs_7
D:3:      layout_basic, nicolae_qazlal_general_emergency, serial_shops,
          nicolae_shop_temple_entry_statues_fountains, uniq_terence, uniq_robin
D:4:      layout_cave_pools, eino_tiny_chamber
D:5:      kennysheep_spiral_hall, layout_rooms, minmay_increasing_density
D:6:      layout_loops_ring, mainiacjoe_overflow_tiny_flanked,
          minmay_temple_entry_glassed_door
D:7:      layout_rooms, enter_bailey_2, uniq_pikel
D:8:      lemuel_castle_with_subvaults [lemuel_castle_interior_carwin_3],
          layout_loops_cross, gammafunk_ghost_nasty_kobolds, minmay_ruffians,
          uniq_grum, uniq_prince_ribbit1
D:9:      layout_loops_cross, gammafunk_ghost_arena
D:10:     minmay_spotlight, layout_cave_pools, lair_entry_dummy,
          minmay_misc_feat_tiny, minmay_misc_feat_ornament, uniq_joseph,
          uniq_maggie
D:11:     layout_cave_pods, serial_shops, nicolae_square_shop,
          minmay_misc_feat_roman, uniq_harold, uniq_erica
D:12:     layout_irregular_city, enter_trove_5
Temple:   regret_index_temple_chain_breaker
Lair:1:   layout_regular_city, gammafunk_ghost_grave, grunt_megastairs_3,
          serial_bayou_shore_a, infiniplex_staircase_pool, uniq_nergalle
Lair:2:   layout_small_grid, minmay_hedge_maze
Lair:3:   layout_gridlike, basic_altar, serial_bayou_shore_b
Lair:4:   layout_gridlike, minmay_swamp_entry_worms, dummy_snake_entry,
          basic_altar
Lair:6:   hellmonk_lair_end_abyssal_woods, layout_cave_shapes, slime_dummy,
          special_room [special_room_bee], gammafunk_ghost_arena,
          fungi_pond_lemuel

Skill      XL: |  1  2  3  4  5  6  7  8  9 10 11 12 13 |
---------------+----------------------------------------+-----
Transmutations | 1 2 |  2.0
Earth Magic    | 4 5 6 7 9 10 11 13 | 13.0
Spellcasting   | 3 4 5 6 8 10 11 | 11.9
Conjurations   | 1 2 3 4 6 8 9 |  9.7
Maces & Flails | 4 8 9 10 | 10.8
Fighting       | 3 6 7 8 |  8.3
Evocations     | 2 4 |  4.0
Dodging        | |  1.5
Stealth        | |  2.1

Action                   |  1- 3 |  4- 6 |  7- 9 | 10-12 | 13-15 || total
-------------------------+-------+-------+-------+-------+-------++-------
Melee: Unarmed           |    23 |    70 |       |       |       ||    93
       Punch             |       |     4 |       |     1 |     1 ||     6
       Dagger            |       |    47 |    23 |       |       ||    70
       Whip              |       |       |    14 |   103 |    38 ||   155
 Cast: Sandblast         |    42 |    17 |     6 |    41 |     4 ||   110
       Stone Arrow       |    16 |    31 |   118 |   380 |   198 ||   743
       Petrify           |       |       |       |    22 |    10 ||    32
Invok: Call Merchant     |       |       |       |     1 |     1 ||     2
  Use: Scroll            |       |       |       |    18 |     4 ||    22
 Stab: Petrified         |       |       |       |     5 |     2 ||     7
Armor: Robe              |    20 |    64 |    50 |    63 |       ||   197
       Acid dragon scale |       |       |       |   102 |   107 ||   209
Dodge: Dodged            |    55 |    84 |    66 |   158 |    80 ||   443
